 Dungeon Crawl Stone Soup version 0.18.1-1-g2f07953 (webtiles) character file.

1201 Eucla the Cleaver (level 8, 0/71 HPs)
             Began as a Minotaur Gladiator on May 8, 2016.
             Was a Follower of Okawaru.
             Slain by a centaur (7 damage)
             ... on level 5 of the Dungeon.
             The game lasted 00:05:50 (3082 turns).

Eucla the Cleaver (Minotaur Gladiator)              Turns: 3082, Time: 00:05:51

Health: 0/71       AC:  8    Str: 19    XL:     8   Next: 21%
Magic:  7/7        EV: 12    Int:  5    God:    Okawaru [*.....]
Gold:   414        SH:  0    Dex: 14    Spells: 0 memorised, 7 levels left

rFire  . . .     SeeInvis .     e - +0 broad axe
rCold  . . .     Gourm    .     o - +0 ring mail
rNeg   . . .     Faith    .     (no shield)
rPois  .         Spirit   .     c - +1 hat
rElec  .         Dismiss  .     n - +0 cloak
rCorr  .         Reflect  .     q - +0 pair of gloves
SustAt .         Harm     .     (no boots)
MR     .....                    (no amulet)
Stlth  +.........               (no ring)
                                l - -3 ring of slaying (curse)

@: not resistant to hostile enchantments, very unstealthy
A: retaliatory headbutt, horns 2
a: Heroism, Renounce Religion


You were on level 5 of the Dungeon.
You worshipped Okawaru.
Okawaru was aware of your devotion.
You were not hungry.

You visited 2 branches of the dungeon, and saw 6 of its levels.
You also visited: Sewer.

You collected 414 gold pieces.

Inventory:

Hand Weapons
 a - a +1 war axe
 e - a +0 broad axe (weapon)
Missiles
 d - 3 throwing nets (quivered)
Armour
 b - a +0 leather armour
 c - a +1 hat (worn)
 n - a +0 cloak (worn)
 o - a +0 ring mail (worn)
 q - a +0 pair of gloves (worn)
Jewellery
 l - a cursed -3 ring of slaying (left hand)
 r - an uncursed ring of wizardry
Wands
 g - a wand of heal wounds (8/9)
Scrolls
 j - a scroll of recharging
 k - a scroll of teleportation
 m - a scroll of remove curse {unknown}
 s - a scroll of identify
 y - a scroll of enchant weapon
 z - 2 scrolls of enchant armour
Potions
 h - 2 potions of heal wounds
 p - 3 potions of curing
Books
 w - a Grand Grimoire

   Spells                             Type                      Level
   a - Monstrous Menagerie            Summoning                    7
   b - Summon Greater Demon           Summoning                    7
   c - Malign Gateway                 Summoning/Translocation      7
   d - Summon Horrible Things         Summoning                    8
Comestibles
 f - 4 bread rations
 i - a meat ration
 t - a beef jerky


   Skills:
 + Level 6.9 Fighting
 * Level 10.3 Axes
 - Level 2.0 Throwing
 - Level 3.2 Dodging


You had 7 spell levels left.
You didn't know any spells.

Dungeon Overview and Level Annotations

Branches:
Dungeon (5/15)             Temple (1/1) D:4

Altars:
Ashenzari
Cheibriados
Dithmenos
Elyvilon
Fedhas
Gozag
Kikubaaqudgha
Makhleb
Nemelex Xobeh
Okawaru
Pakellas
Qazlal
Ru
Sif Muna
Trog
Vehumet
Xom
Zin
The Shining One


Innate Abilities, Weirdness & Mutations

You reflexively headbutt those who attack you in melee.
You have a pair of horns on your head.


Message History

Found 11 poisoned needles.
Unknown command.
The centaur shoots an arrow.
The arrow barely misses you.
Unknown command.
The centaur shoots an arrow.
The arrow closely misses you.
Unknown command.
The centaur unwields an uncursed shortbow.
The centaur hits you.
* * * LOW HITPOINT WARNING * * *
The centaur hits you.
* * * LOW HITPOINT WARNING * * *
You slash the centaur!
The centaur is heavily wounded.
The centaur hits you but does no damage.
You completely miss the centaur.
The centaur is heavily wounded.
The centaur hits you.
* * * LOW HITPOINT WARNING * * *
The centaur hits you!
You die...

#......... ##
.......##......### #..
.....$.##......##
...###+#.#............#
......................#
......................#
......................#
......................#
...(..c@...(..........#
..##..................#
#.....#............#
#.....#............#
#.....#............#
###.###............# #.
#............# ..
##############


You could see a centaur.

Vanquished Creatures
  The ghost of Eucla the Grappler, a novice VSMo (D:4)
  2 ogres
  2 elf zombies (D:4)
  A big kobold (Sewer)
  Blork the orc (D:5)
  An elf skeleton (D:4)
  A crimson imp (D:4)
  An orc priest (D:3)
  A jelly (D:5)
  An orc wizard (D:3)
  A centaur skeleton (D:5)
  Ijyb (D:3)
  2 human skeletons (D:4)
  A worker ant zombie (D:5)
  11 adders
  2 adder skeletons
  A dart slug (D:1)
  A worm (D:2)
  4 giant geckos
  3 orcs
  4 ball pythons (D:3)
  3 giant cockroaches
  2 hobgoblins (D:2)
  7 jackals
  7 kobolds
  2 quokkas
  3 bats
  A giant newt (D:2)
  4 goblins
  An orc zombie (D:4)
  9 rats
82 creatures vanquished.

Notes
Turn   | Place    | Note
--------------------------------------------------------------
     0 | D:1      | Eucla the Minotaur Gladiator began the quest for the Orb.
     0 | D:1      | Reached XP level 1. HP: 18/18 MP: 0/0
   229 | D:1      | Reached skill level 4 in Axes
   284 | D:1      | Reached XP level 2. HP: 19/25 MP: 1/1
   720 | D:2      | Reached XP level 3. HP: 20/30 MP: 2/2
   748 | D:2      | Found a shattered altar of Ashenzari.
   750 | D:2      | Reached skill level 5 in Axes
  1189 | D:3      | Found a shadowy altar of Dithmenos.
  1208 | D:3      | Reached XP level 4. HP: 38/38 MP: 3/3
  1217 | D:3      | Reached skill level 6 in Axes
  1266 | D:3      | Found a glowing drain.
  1371 | Sewer    | Entered a sewer
  1374 | Sewer    | Reached XP level 5. HP: 34/46 MP: 4/4
  1454 | Sewer    | Found a white marble altar of Elyvilon.
  1593 | D:3      | Noticed Ijyb
  1606 | D:3      | Killed Ijyb
  1606 | D:3      | Reached skill level 7 in Axes
  1725 | D:3      | Found a sacrificial altar of Ru.
  1782 | D:3      | Found a glowing silver altar of Zin.
  1862 | D:4      | Found a stormy altar of Qazlal.
  1939 | D:4      | Noticed an ogre
  1949 | D:4      | Killed an ogre
  1949 | D:4      | Reached XP level 6. HP: 11/53 MP: 5/5
  2100 | D:4      | Found a snail-covered altar of Cheibriados.
  2225 | D:4      | Noticed Eucla's ghost (novice VSMo)
  2255 | D:4      | Killed Eucla's ghost
  2255 | D:4      | Reached skill level 5 in Fighting
  2255 | D:4      | Reached skill level 8 in Axes
  2255 | D:4      | Reached XP level 7. HP: 21/62 MP: 6/6
  2260 | D:4      | Found a blossoming altar of Fedhas.
  2414 | D:4      | Found a shimmering altar of Xom.
  2415 | D:4      | Found a burning altar of Makhleb.
  2424 | D:4      | Reached skill level 9 in Axes
  2469 | D:4      | Found a staircase to the Ecumenical Temple.
  2567 | Temple   | Entered the Ecumenical Temple
  2608 | Temple   | Became a worshipper of Warmaster Okawaru
  2836 | D:5      | Entered Level 5 of the Dungeon
  2957 | D:5      | Noticed Blork the orc
  2969 | D:5      | Killed Blork the orc
  2969 | D:5      | Reached skill level 10 in Axes
  2969 | D:5      | Reached XP level 8. HP: 32/71 MP: 7/7
  3014 | D:5      | Reached * piety under Okawaru
  3082 | D:5      | Slain by a centaur

Skill      XL: |  1  2  3  4  5  6  7 |
---------------+----------------------+-----
Axes           | 4 5 6 7 8 10 | 10.3
Fighting       | 3 4 5 6 |  6.9
Throwing       | |  2.0
Dodging        | |  3.2

Action                   |  1- 3 |  4- 6 |  7- 9 || total
-------------------------+-------+-------+-------++-------
Melee: War axe           |    59 |   105 |     3 ||   167
       Headbutt          |    10 |    17 |    29 ||    56
       Broad axe         |       |       |   103 ||   103
  Use: Scroll            |     9 |       |     4 ||    13
       Potion            |       |    10 |       ||    10
  Eat: Chunk             |       |     4 |     1 ||     5
       Beef jerky        |       |       |     2 ||     2
       Royal jelly       |       |       |     1 ||     1
       Pizza             |       |       |     1 ||     1
Armor: Leather armour    |    22 |       |       ||    22
       Ring mail         |     1 |    43 |    41 ||    85
Dodge: Dodged            |    41 |    63 |    53 ||   157
